 Dungeon Crawl Stone Soup version 0.28-a0-1038-g9c4cb8273d (webtiles) character file.

Game seed: 4235276553518250975

141 ytrimaz the Shield-Bearer (level 5, 0/47 HPs)
             Began as a Formicid Fighter on Dec 8, 2021.
             Succumbed to a gnoll's poison
             ... on level 3 of the Dungeon.
             The game lasted 00:02:02 (1971 turns).

ytrimaz the Shield-Bearer (Formicid Fighter)        Turns: 1971, Time: 00:02:02

Health: 0/47       AC: 13    Str: 22    XL:     5   Next: 48%
Magic:  4/9        EV:  6    Int:  8    God:
Gold:   103        SH:  5    Dex: 10    Spells: 4/4 levels left

rFire   . . .      SeeInvis +   a - +1 war axe
rCold   . . .      Faith    .   c - +0 buckler
rNeg    . . .      Spirit   .   f - +0 plate armour
rPois   .          Reflect  .   (helmet unavailable)
rElec   .          Harm     .   (no cloak)
rCorr   .          Rampage  .   (no gloves)
Will    .....                   (no boots)
Stlth   ..........              (no amulet)
HPRegen 0.15/turn               (no ring)
MPRegen 0.11/turn               (no ring)

@: lethally poisoned (0 -> -14)
A: permanent stasis, dig shafts and tunnels, antennae 3, four strong arms
a: Dig, Shaft Self


You were on level 3 of the Dungeon.
You visited 1 branch of the dungeon, and saw 3 of its levels.

You collected 103 gold pieces.

Inventory:

Hand Weapons
 a - a +1 war axe (weapon)
Armour
 c - a +0 buckler (worn)
 f - a +0 plate armour (worn)
Scrolls
 g - a scroll of enchant weapon
 h - a scroll of magic mapping
Potions
 d - a potion of might


   Skills:
 + Level 6.8 Fighting
 + Level 5.9 Axes
 + Level 6.8 Armour
 + Level 7.3 Shields
 + Level 5.8 Invocations


You had 4 spell levels left.
You didn't know any spells.
Your spell library contained the following spells:

 Spells                   Type           Power      Damage    Failure   Level
 Animate Skeleton         Necr           0%         N/A       100%        1
 Pain                     Necr           0%         1d4       100%        1
 Vampiric Draining        Necr           0%         2d6       100%        3


Dungeon Overview and Level Annotations

Branches:
Dungeon (3/15)

Altars:
Ru

Shops:
D:1 *


Innate Abilities, Weirdness & Mutations

You cannot be hasted, slowed, berserked, paralysed or teleported.
You can dig through walls and to a lower floor.
You have a pair of large antennae on your head. (SInv)
Your four strong arms can wield two-handed weapons with a shield.


Message History

You feel very sick. The gnoll barely misses you.
The gnoll hits you but does no damage.
The gnoll hits you from afar with a +0 spear of venom.
You are too injured to fight recklessly!
You are too injured to fight recklessly!
You are too injured to fight recklessly!
You are too injured to fight recklessly!
Unknown command.
* * * LOW HITPOINT WARNING * * *
You feel very sick.
Unknown command.
* * * LOW HITPOINT WARNING * * *
You feel sick.
* * * LOW HITPOINT WARNING * * *
You feel sick.
* * * LOW HITPOINT WARNING * * *
You feel sick.
It was a potion of haste.
Your stasis prevents you from being hasted.
* * * LOW HITPOINT WARNING * * *
You feel sick.
The gnoll hits you but does no damage. x2
You are lethally poisoned!
It was a potion of experience.
You feel more experienced!
Your Fighting skill gained 3 levels and is now at level 6!
Your Axes skill gained 2 levels and is now at level 5!
Your Armour skill gained 3 levels and is now at level 6!
Your Shields skill gained 3 levels and is now at level 7!
Your Invocations skill gained 5 levels and is now at level 5!
You have reached level 5!
* * * LOW HITPOINT WARNING * * *
You feel sick. You block the gnoll's attack.
The gnoll hits you but does no damage.
You are more poisoned.
Unknown command.
Okay, then.
Okay, then.
You slash the gnoll!
You kill the gnoll!
You die...

.........#.## ......####.# #
#.##### #.# .. #.# ##+## .#
#.# ##...## .# ..# ##.....##
##.# .## ##.......## ##..#
..####.........####...######
.....'†........'@)g.)......#
<.####)........####..)####.
..#####.......## ##.)# ....#
##...[>## ##.# #.#.# ##...##
.# ..#.# ##+## .. ###.# #.#
..#.# .# #.#.# .#


You could see a gnoll.

Vanquished Creatures
  2 gnolls (D:3)
  A worm (D:2)
  3 dart slugs
  7 endoplasms
  4 giant cockroaches
  5 goblins
  2 hobgoblins
  A jackal (D:3)
  2 quokkas
  4 ball pythons
  4 bats (D:1)
  5 frilled lizards
  6 kobolds
  5 rats
51 creatures vanquished.

Notes
Turn   | Place    | Note
-------+----------+-------------------------------------------
     0 | D:1      | ytrimaz the Formicid Fighter began the quest for the Orb.
     0 | D:1      | Reached XP level 1. HP: 18/18 MP: 1/1
   173 | D:1      | Found a faded altar of an unknown god.
   192 | D:1      | Reached XP level 2. HP: 24/24 MP: 2/2
   257 | D:1      | Reached XP level 3. HP: 25/29 MP: 3/3
   387 | D:1      | Reached skill level 4 in Shields
   460 | D:1      | Found Plog's Assorted Antiques.
  1423 | D:3      | Found a sacrificial altar of Ru.
  1429 | D:3      | Reached XP level 4. HP: 37/37 MP: 4/4
  1970 | D:3      | Reached skill level 5 in Axes
  1970 | D:3      | Reached skill level 7 in Shields
  1970 | D:3      | Reached skill level 5 in Invocations
  1970 | D:3      | Reached XP level 5. HP: 6/47 MP: 4/9
  1971 | D:3      | Succumbed to a gnoll's poison

Illustrated notes

Levels and vault maps discovered:
D:1:      dpeg_arrival_refuge, layout_basic, shapermc_ecumenical_altar_venn,
          serial_shops, nicolae_shop_behind_doors
D:2:      layout_basic
D:3:      layout_loops_corners, nicolae_ru_great_annihilating_truth,
          goddamned_bats

Skill      XL: |  1  2  3  4 |
---------------+-------------+-----
Shields        | 4 7 |  7.3
Axes           | 5 |  5.9
Fighting       | 6 |  6.8
Armour         | 6 |  6.8
Invocations    | 5 |  5.8

Action                   |  1- 3 |  4- 6 || total
-------------------------+-------+-------++-------
Melee: War axe           |    73 |    20 ||    93
  Use: Scroll            |     4 |       ||     4
       Potion            |       |     2 ||     2
 Stab: Paralysed         |     1 |       ||     1
Armor: Plate armour      |    50 |    19 ||    69
Dodge: Dodged            |    19 |     4 ||    23
Block: Buckler           |    17 |     6 ||    23

Table legend: (Time is in decaauts)
 A = Elapsed time spent in this place.
 B = Non-inter-level travel time spent in this place.
 C = Inter-level travel time spent in this place.
 D = Time resting spent in this place.
 E = Time spent auto-exploring this place.
 F = Levels seen in this place.
 G = Mean time per level.
                   A        B        C        D        E       F      G
               +--------+--------+--------+--------+--------+-----+--------+
         Total |   2005 |   1979 |     26 |      0 |   1644 |   3 |  668.3 |
       Dungeon |   2005 |   1979 |     26 |      0 |   1644 |   3 |  668.3 |
               +--------+--------+--------+--------+--------+-----+--------+

Top non-repeatable levels by time:
     D:1: 710 daAuts
     D:2: 690 daAuts
     D:3: 603 daAuts
